Flames vs Avalanche
Created - June 2, 2022 at 19:00
Goals
|
| Flames |
1 |
1 |
0 |
0 |
0 |
2 |
| Avalanche |
1 |
1 |
0 |
0 |
1 |
3 |
|
Shots
|
| Flames |
4 |
12 |
9 |
0 |
3 |
25 |
| Avalanche |
14 |
7 |
5 |
0 |
2 |
26 |
|
1st period
1. Flames , Jimmy Hayes 17 (Patrik Berglund 33) at 12:54
2. Avalanche , Martin Samuelsson 5 (Kyle Turris 19, Luke Witkowski 16) at 17:45
Penalties :
Colby Robak (Cal) for Roughing (Minor) at 5:00, Christian Folin (Cal) for Roughing (Minor) at 8:56, Erik Johnson (Cal) for Hooking (Minor) at 17:48
2nd period
3. Flames , Brad Marchand 16 (Jimmy Hayes 16, Esa Lindell 23) at 7:33
4. Avalanche , Colten Teubert 1 (Martin Samuelsson 14, Joel Edmundson 6) at 10:23
Penalties :
Erik Johnson (Cal) for High sticking (Double Minor) at 10:34
3rd period
No Goal
Penalties :
Ilya Kovalchuk (Col) for Tripping (Minor) at 0:55, Kyle Turris (Col) for Hooking (Minor) at 5:55, Alexander Semin (Cal) for Hooking (Minor) at 11:10, Erik Karlsson (Col) for Hooking (Minor) at 13:28, Ilya Kovalchuk (Col) for Tripping (Minor) at 17:28
Overtime #1
No Goal
Penalties :
No Penalty
Shootout
Flames, Eric Staal - Stopped by Cam Ward
Avalanche, Mikkel Boedker - Goal!
Flames, Alexander Semin - Shot Hit the Post
Avalanche, Bryan Little - Shot Misses the Net
Flames, Tanner Pearson - Shot Misses the Net
Penalties :
No Penalty
Goalie Stats
Henrik Lundqvist (Cal), 24 saves from 26 shots - (0.923), OTL, 33-18-6, 65:00 minutes
Cam Ward (Col), 23 saves from 25 shots - (0.920), W, 26-17-3, 65:00 minutes
Players Stats for Flames
Player Name G A P +/- PIM S H SB GA TA FO MP PP MP PK MP
------------------------------------------------------------------------------------
Alexander Semin 0 0 0 0 2 0 0 0 0 0 2/2 20:26 4:20 1:19
Anders Lee 0 0 0 -2 0 0 2 0 0 0 0/5 8:51 0:00 0:16
Brad Marchand 1 0 1 2 0 1 2 0 0 0 1/1 12:16 0:00 1:44
Brendan Mikkelson 0 0 0 0 0 0 1 6 0 4 0/0 27:06 3:21 7:11
Bryan Rust 0 0 0 0 0 2 1 0 1 0 1/1 17:57 0:00 6:10
Christian Folin 0 0 0 -1 2 2 2 1 0 2 0/0 17:48 0:00 5:41
Colby Robak 0 0 0 -1 2 1 0 1 0 3 0/0 15:25 0:00 3:56
Colin Wilson 0 0 0 0 0 0 2 0 0 1 1/3 11:51 0:12 0:00
David Backes 0 0 0 0 0 5 0 1 1 1 1/1 18:42 4:20 0:00
David Ullstrom 0 0 0 -2 0 0 1 0 0 0 0/0 7:42 0:00 0:00
Eric Staal 0 0 0 0 0 5 7 0 0 1 15/23 20:57 4:08 4:18
Erik Johnson 0 0 0 1 6 0 1 2 2 2 0/0 24:31 4:35 3:18
Esa Lindell 0 1 1 0 0 1 0 2 0 0 0/0 22:20 3:21 2:40
Jimmy Hayes 1 1 2 2 0 1 1 0 0 0 1/1 13:06 3:36 0:00
Kyle Palmieri 0 0 0 -2 0 1 2 2 0 0 0/0 11:59 0:00 4:18
Patrik Berglund 0 1 1 2 0 2 0 0 0 0 10/22 21:43 3:36 6:17
Sami Vatanen 0 0 0 1 0 3 2 1 1 2 0/0 21:59 4:35 0:32
Tanner Pearson 0 0 0 0 0 1 3 0 0 0 0/0 13:21 3:36 0:00
Players Stats for Avalanche
Player Name G A P +/- PIM S H SB GA TA FO MP PP MP PK MP
------------------------------------------------------------------------------------
Bryan Little 0 0 0 -2 0 2 2 0 1 1 12/28 23:11 5:17 0:47
Charlie Coyle 0 0 0 0 0 0 0 0 2 0 8/20 21:33 5:38 4:09
Colten Teubert 1 0 1 2 0 1 2 0 0 0 0/0 20:30 4:53 3:48
Erik Karlsson 0 0 0 -1 2 0 0 0 1 1 0/0 22:48 6:57 0:00
Evgeny Dadonov 0 0 0 0 0 1 1 0 0 0 0/0 16:19 5:38 0:00
Ilya Kovalchuk 0 0 0 -2 4 2 4 2 0 0 1/2 21:13 5:15 0:00
Jack Johnson 0 0 0 -1 0 3 3 2 1 1 0/0 26:25 6:57 3:05
James Van Riemsdyk 0 0 0 0 0 1 0 1 1 0 0/0 19:11 5:38 1:33
Joel Edmundson 0 1 1 2 0 1 0 0 0 0 0/0 13:12 0:05 1:03
Kyle Turris 0 1 1 2 2 0 0 0 1 0 2/2 8:07 0:23 1:25
Luke Witkowski 0 1 1 2 0 1 1 0 0 0 1/1 13:05 1:07 4:14
Marc Staal 0 0 0 -1 0 2 0 1 0 0 0/0 21:42 0:05 4:08
Martin Samuelsson 1 1 2 2 0 2 0 0 0 0 1/1 9:08 0:49 1:54
Mattias Ekholm 0 0 0 -1 0 2 0 3 3 1 0/0 24:47 4:53 3:48
Mikkel Boedker 0 0 0 -2 0 6 1 1 2 1 0/1 22:00 5:21 0:00
Pavel Buchnevich 0 0 0 0 0 1 0 0 2 0 0/0 8:55 0:39 0:00
Tomas Fleischmann 0 0 0 0 0 1 1 0 2 0 0/0 8:22 0:00 0:00
Vincent Trocheck 0 0 0 0 0 0 1 0 0 0 2/4 11:32 0:00 1:50
3 Stars
1 - Martin Samuelsson (Col)
2 - Jimmy Hayes (Cal)
3 - Colten Teubert (Col)
Power Play
Flames - 0 on 4 Attempt(s) - 0.00%
Avalanche - 0 on 6 Attempt(s) - 0.00%
Penalty Kill
Flames - 6 on 6 Attempt(s) - 100.00%
- Score 0 goal in Penalty Kill
Avalanche - 4 on 4 Attempt(s) - 100.00%
- Score 0 goal in Penalty Kill
Team Stat
Flames - Hits : 27 - Faceoff Wins : 32 - Blocked Shots : 16 - Penalty Minutes : 12
Avalanche - Hits : 16 - Faceoff Wins : 27 - Blocked Shots : 10 - Penalty Minutes : 8
Official
Referees : Justin St. Pierre and Dan O'Rourke
Linesman : Shandor Alphonso and Bryan Pancich
Game Notes
No Game Note
Finance
Level 1 -- Attendance: 6000 (100.00%) -- Ticket Income $600,000
Level 2 -- Attendance: 4736 (94.72%) -- Ticket Income $284,160
Level 3 -- Attendance: 2000 (100.00%) -- Ticket Income $70,000
Level 4 -- Attendance: 3930 (98.25%) -- Ticket Income $98,250
Luxury Box -- Attendance: 938 (93.80%) -- Ticket Income $187,600
Game was played at the Pepsi Center.
Total Attendance: 17604 (97.80%)
Total Ticket Income: $1,240,010
Other Income: $186,002
Total Income: $1,426,012
Flames
5 vs 5 Forward
Center Left Wing Right Wing Time % Phy DF OF
1 Eric Staal Alexander Semin David Backes 40 1 2 2
2 Patrik Berglund Brad Marchand Jimmy Hayes 30 1 2 2
3 Colin Wilson Tanner Pearson Bryan Rust 20 1 2 2
4 Anders Lee David Ullstrom Kyle Palmieri 10 1 2 2
5 vs 5 Defense
Defense Defense Time % Phy DF OF
1 Erik Johnson Sami Vatanen 40 1 2 2
2 Esa Lindell Brendan Mikkelson 31 1 2 2
3 Colby Robak Christian Folin 22 1 2 2
4 Erik Johnson Brendan Mikkelson 7 1 2 2
PowerPlay Forward
Center Left Wing Right Wing Time % Phy DF OF
1 Eric Staal Alexander Semin David Backes 60 1 1 3
2 Patrik Berglund Tanner Pearson Jimmy Hayes 40 1 2 2
PowerPlay Defense
Defense Defense Time % Phy DF OF
1 Erik Johnson Sami Vatanen 60 1 1 3
2 Esa Lindell Brendan Mikkelson 40 1 2 2
Penalty Kill 4 Players Forward
Center Wing Time % Phy DF OF
1 Patrik Berglund Bryan Rust 60 1 2 2
2 Eric Staal Kyle Palmieri 40 1 2 2
Penalty Kill 4 Players Defense
Defense Defense Time % Phy DF OF
1 Erik Johnson Brendan Mikkelson 60 1 2 2
2 Colby Robak Christian Folin 40 1 2 2
Penalty Kill - 3 Players Forward
Forward Time % Phy DF OF
1 Eric Staal 60 1 2 2
2 Patrik Berglund 40 1 2 2
Penalty Kill - 3 Players Defense
Defense Defense Time % Phy DF OF
1 Erik Johnson Brendan Mikkelson 60 1 2 2
2 Colby Robak Christian Folin 40 1 2 2
4 vs 4 Forward
Center Wing Time % Phy DF OF
1 Patrik Berglund David Backes 60 1 2 2
2 Eric Staal Alexander Semin 40 1 2 2
4 vs 4 Defense
Defense Defense Time % Phy DF OF
1 Erik Johnson Sami Vatanen 60 1 2 2
2 Esa Lindell Brendan Mikkelson 40 1 2 2
Last Minutes Offensive
Center Left Wing Right Wing Defense Defense
Eric Staal Alexander Semin David Backes Erik Johnson Sami Vatanen
Last Minutes Defensive
Center Left Wing Right Wing Defense Defense
Eric Staal Alexander Semin David Backes Erik Johnson Sami Vatanen
Goaltenders
Starting : Henrik Lundqvist
Backup : Christopher Gibson
Extra Forwards
Normal : Alexander Semin, Bryan Rust, Colin Wilson - PP : Tanner Pearson, Colin Wilson - PK : Alexander Semin
Extra Defensemen
Normal : Esa Lindell, Christian Folin, Brendan Mikkelson - PP : Esa Lindell - PK : Christian Folin, Brendan Mikkelson
Penalty Shots
Eric Staal, Alexander Semin, Tanner Pearson, Patrik Berglund, David Backes
Scratches
David Savard (Healthy), Tyler Shattock (Healthy), Vladimir Sobotka (Healthy)
Avalanche
5 vs 5 Forward
Center Left Wing Right Wing Time % Phy DF OF
1 Bryan Little Mikkel Boedker Ilya Kovalchuk 35 1 2 2
2 Charlie Coyle James Van Riemsdyk Evgeny Dadonov 30 1 2 2
3 Vincent Trocheck Tomas Fleischmann Pavel Buchnevich 20 1 2 2
4 Kyle Turris Martin Samuelsson Luke Witkowski 15 1 2 2
5 vs 5 Defense
Defense Defense Time % Phy DF OF
1 Jack Johnson Erik Karlsson 35 1 2 2
2 Mattias Ekholm Marc Staal 35 1 2 2
3 Colten Teubert Joel Edmundson 30 1 2 2
4 Jack Johnson Marc Staal 0 1 2 2
PowerPlay Forward
Center Left Wing Right Wing Time % Phy DF OF
1 Bryan Little Mikkel Boedker Ilya Kovalchuk 60 1 2 2
2 Charlie Coyle James Van Riemsdyk Evgeny Dadonov 40 1 2 2
PowerPlay Defense
Defense Defense Time % Phy DF OF
1 Jack Johnson Erik Karlsson 60 1 2 2
2 Colten Teubert Mattias Ekholm 40 1 2 2
Penalty Kill 4 Players Forward
Center Wing Time % Phy DF OF
1 Charlie Coyle Luke Witkowski 60 1 2 2
2 Kyle Turris Martin Samuelsson 40 1 2 2
Penalty Kill 4 Players Defense
Defense Defense Time % Phy DF OF
1 Jack Johnson Marc Staal 60 1 2 2
2 Colten Teubert Mattias Ekholm 40 1 2 2
Penalty Kill - 3 Players Forward
Forward Time % Phy DF OF
1 Mikkel Boedker 60 1 2 2
2 Bryan Little 40 1 2 2
Penalty Kill - 3 Players Defense
Defense Defense Time % Phy DF OF
1 Jack Johnson Marc Staal 60 1 2 2
2 Erik Karlsson Mattias Ekholm 40 1 2 2
4 vs 4 Forward
Center Wing Time % Phy DF OF
1 Mikkel Boedker Bryan Little 60 1 2 2
2 Ilya Kovalchuk Charlie Coyle 40 1 2 2
4 vs 4 Defense
Defense Defense Time % Phy DF OF
1 Jack Johnson Marc Staal 60 1 2 2
2 Erik Karlsson Mattias Ekholm 40 1 2 2
Last Minutes Offensive
Center Left Wing Right Wing Defense Defense
Bryan Little Mikkel Boedker Ilya Kovalchuk Jack Johnson Marc Staal
Last Minutes Defensive
Center Left Wing Right Wing Defense Defense
Bryan Little Mikkel Boedker Ilya Kovalchuk Jack Johnson Marc Staal
Goaltenders
Starting : Cam Ward
Backup : Semyon Varlamov
Extra Forwards
Normal : Luke Witkowski, James Van Riemsdyk, Vincent Trocheck - PP : Luke Witkowski, James Van Riemsdyk - PK : Vincent Trocheck
Extra Defensemen
Normal : Colten Teubert, Joel Edmundson, Erik Karlsson - PP : Colten Teubert - PK : Joel Edmundson, Erik Karlsson
Penalty Shots
Mikkel Boedker, Bryan Little, Ilya Kovalchuk, Charlie Coyle, Evgeny Dadonov
Scratches
Patric Hornqvist (Fractured Metatarsal (Right Foot) Injury)
% Time on Ice - Flames
Lines # - Real PCT - Wanted PCT - Time Play
Normal Forward
1 - 33% - 40% - 13:04
2 - 26% - 30% - 10:15
3 - 23% - 20% - 9:25
4 - 18% - 10% - 7:25
Normal Defense
1 - 37% - 40% - 14:46
2 - 34% - 31% - 13:31
3 - 27% - 22% - 10:52
4 - 2% - 7% - 1:00
PP Forward
1 - 55% - 60% - 4:20
2 - 45% - 40% - 3:36
PP Defense
1 - 58% - 60% - 4:35
2 - 42% - 40% - 3:21
PK Forward
1 - 64% - 60% - 7:37
2 - 36% - 40% - 4:18
PK Defense
1 - 72% - 60% - 8:36
2 - 28% - 40% - 3:19
PK3 Forward
1 - 0% - 60%
2 - 0% - 40%
PK3 Defense
1 - 0% - 60%
2 - 0% - 40%
44 Forward
1 - 99% - 60% - 4:56
2 - 1% - 40% - 0:04
44 Defense
1 - 66% - 60% - 3:18
2 - 34% - 40% - 1:42
Last Minute Offensive - 0:00
Last Minute Defensive - 0:00
Total
Forward - 65:00
Defense - 65:00
|
% Time on Ice - Avalanche
Lines # - Real PCT - Wanted PCT - Time Play
Normal Forward
1 - 37% - 35% - 14:50
2 - 27% - 30% - 10:42
3 - 21% - 20% - 8:22
4 - 16% - 15% - 6:15
Normal Defense
1 - 38% - 35% - 15:05
2 - 35% - 35% - 13:53
3 - 28% - 30% - 11:11
4 - 0% - 0% - 0:00
PP Forward
1 - 53% - 60% - 6:17
2 - 47% - 40% - 5:38
PP Defense
1 - 59% - 60% - 7:02
2 - 41% - 40% - 4:53
PK Forward
1 - 76% - 60% - 6:02
2 - 24% - 40% - 1:54
PK Defense
1 - 52% - 60% - 4:08
2 - 48% - 40% - 3:48
PK3 Forward
1 - 0% - 60%
2 - 0% - 40%
PK3 Defense
1 - 0% - 60%
2 - 0% - 40%
44 Forward
1 - 75% - 60% - 3:45
2 - 25% - 40% - 1:15
44 Defense
1 - 56% - 60% - 2:47
2 - 44% - 40% - 2:13
Last Minute Offensive - 0:00
Last Minute Defensive - 0:00
Total
Forward - 65:00
Defense - 65:00
|
Play-by-Play
1st period
0:01 of 1st period - Eric Staal wins face-off versus Bryan Little in neutral zone.
0:45 of 1st period - Icing by Sami Vatanen.
0:46 of 1st period - Vincent Trocheck wins face-off versus Patrik Berglund in Flames zone.
0:56 of 1st period - Off-side.
0:57 of 1st period - Kyle Turris wins face-off versus Anders Lee in neutral zone.
1:36 of 1st period - Icing by Ilya Kovalchuk.
1:37 of 1st period - Bryan Little wins face-off versus Colin Wilson in Avalanche zone.
2:18 of 1st period - Snap shot by Mikkel Boedker.
2:18 of 1st period - Stopped by Henrik Lundqvist with a rebound.
2:20 of 1st period - Slapshot by Colten Teubert.
2:20 of 1st period - Deflect By Mikkel Boedker.
2:20 of 1st period - Stopped by Henrik Lundqvist with a rebound.
2:22 of 1st period - Snap shot by Ilya Kovalchuk.
2:22 of 1st period - Deflect By Bryan Little.
2:22 of 1st period - Stopped by Henrik Lundqvist with a rebound.
2:50 of 1st period - Wrist shot by Mikkel Boedker.
2:50 of 1st period - Shot Misses the Net.
2:52 of 1st period - Slapshot by Joel Edmundson.
2:52 of 1st period - Stopped by Henrik Lundqvist with a rebound.
2:54 of 1st period - Snap shot by Mikkel Boedker.
2:54 of 1st period - Stopped by Henrik Lundqvist without a rebound.
2:55 of 1st period - Patrik Berglund wins face-off versus Charlie Coyle in Flames zone.
3:53 of 1st period - Backhand shot by Kyle Turris.
3:53 of 1st period - Shot Blocked by Esa Lindell.
4:15 of 1st period - Wrist shot by Anders Lee.
4:15 of 1st period - Shot Blocked by Jack Johnson.
4:25 of 1st period - Patrik Berglund is hit by Jack Johnson and loses puck.
4:41 of 1st period - Wrist shot by Eric Staal.
4:41 of 1st period - Stopped by Cam Ward without a rebound.
4:42 of 1st period - Vincent Trocheck wins face-off versus Patrik Berglund in Avalanche zone.
5:00 of 1st period - Minor Penalty to Colby Robak for Roughing.
5:01 of 1st period - Bryan Little wins face-off versus Patrik Berglund in Flames zone.
5:33 of 1st period - Slapshot by Erik Karlsson.
5:33 of 1st period - Shot Blocked by Kyle Palmieri.
5:35 of 1st period - Snap shot by Jack Johnson.
5:35 of 1st period - Stopped by Henrik Lundqvist without a rebound.
5:36 of 1st period - Bryan Little wins face-off versus Eric Staal in Flames zone.
6:00 of 1st period - Evgeny Dadonov is hit by Brendan Mikkelson and loses puck.
6:12 of 1st period - Bryan Rust is hit by Jack Johnson and loses puck.
6:34 of 1st period - Mattias Ekholm is hit by Eric Staal and loses puck.
7:00 of 1st period - Penalty to Colby Robak is over, Colby Robak is back on ice.
7:24 of 1st period - Mattias Ekholm is hit by Anders Lee and loses puck.
8:14 of 1st period - Wrist shot by Charlie Coyle.
8:14 of 1st period - Shot Misses the Net.
8:24 of 1st period - Marc Staal is hit by Erik Johnson and loses puck.
8:45 of 1st period - Brad Marchand is hit by Ilya Kovalchuk and loses puck.
8:56 of 1st period - Minor Penalty to Christian Folin for Roughing.
8:57 of 1st period - Patrik Berglund wins face-off versus Bryan Little in Flames zone.
10:56 of 1st period - Penalty to Christian Folin is over, Christian Folin is back on ice.
10:59 of 1st period - Snap shot by Alexander Semin.
10:59 of 1st period - Deflect By Christian Folin.
10:59 of 1st period - Stopped by Cam Ward without a rebound.
11:00 of 1st period - Eric Staal wins face-off versus Vincent Trocheck in Avalanche zone.
11:03 of 1st period - Snap shot by Eric Staal.
11:03 of 1st period - Shot Misses the Net.
11:13 of 1st period - Snap shot by Tomas Fleischmann.
11:13 of 1st period - Shot Blocked by Erik Johnson.
11:15 of 1st period - Snap shot by Mattias Ekholm.
11:15 of 1st period - Stopped by Henrik Lundqvist without a rebound.
11:16 of 1st period - Charlie Coyle wins face-off versus Anders Lee in Flames zone.
11:27 of 1st period - Snap shot by Kyle Palmieri.
11:27 of 1st period - Shot Misses the Net.
11:29 of 1st period - Snap shot by David Ullstrom.
11:29 of 1st period - Deflect By Evgeny Dadonov.
11:29 of 1st period - Shot Blocked by James Van Riemsdyk.
11:29 of 1st period - Puck is out of play.
11:30 of 1st period - Eric Staal wins face-off versus Charlie Coyle in Avalanche zone.
11:41 of 1st period - Wrist shot by Eric Staal.
11:41 of 1st period - Shot Misses the Net.
12:30 of 1st period - Snap shot by Tomas Fleischmann.
12:30 of 1st period - Shot Misses the Net.
12:32 of 1st period - Slapshot by Pavel Buchnevich.
12:32 of 1st period - Deflect By Tomas Fleischmann.
12:32 of 1st period - Stopped by Henrik Lundqvist without a rebound.
12:33 of 1st period - Eric Staal wins face-off versus Charlie Coyle in Flames zone.
12:38 of 1st period - Wrist shot by James Van Riemsdyk.
12:38 of 1st period - Shot Misses the Net.
12:50 of 1st period - Wrist shot by David Backes.
12:50 of 1st period - Deflect By Alexander Semin.
12:50 of 1st period - Shot Misses the Net.
12:50 of 1st period - Puck is out of play.
12:51 of 1st period - Jimmy Hayes wins face-off versus Bryan Little in Avalanche zone.
12:52 of 1st period - Snap shot by Patrik Berglund.
12:52 of 1st period - Stopped by Cam Ward without a rebound.
12:53 of 1st period - Patrik Berglund wins face-off versus Bryan Little in Avalanche zone.
12:54 of 1st period - Snap shot by Jimmy Hayes.
12:54 of 1st period - Goal by Jimmy Hayes - Flames : 1 - Avalanche : 0.
12:55 of 1st period - Bryan Little wins face-off versus Eric Staal in neutral zone.
13:29 of 1st period - Slapshot by Mattias Ekholm.
13:29 of 1st period - Shot Blocked by Erik Johnson.
13:31 of 1st period - Slapshot by Evgeny Dadonov.
13:31 of 1st period - Deflect By Charlie Coyle.
13:31 of 1st period - Shot Misses the Net.
13:31 of 1st period - Puck is out of play.
13:32 of 1st period - Patrik Berglund wins face-off versus Bryan Little in Flames zone.
13:37 of 1st period - Snap shot by Patrik Berglund.
13:37 of 1st period - Shot Blocked by Mattias Ekholm.
14:32 of 1st period - Slapshot by Pavel Buchnevich.
14:32 of 1st period - Stopped by Henrik Lundqvist without a rebound.
14:33 of 1st period - Eric Staal wins face-off versus Bryan Little in Flames zone.
14:44 of 1st period - Ilya Kovalchuk is hit by Eric Staal.
15:33 of 1st period - Wrist shot by Erik Karlsson.
15:33 of 1st period - Shot Blocked by Brendan Mikkelson.
16:50 of 1st period - Off-side.
16:51 of 1st period - Kyle Turris wins face-off versus Anders Lee in neutral zone.
17:43 of 1st period - Wrist shot by Kyle Turris.
17:43 of 1st period - Shot Misses the Net.
17:45 of 1st period - Wrist shot by Martin Samuelsson.
17:45 of 1st period - Goal by Martin Samuelsson - Flames : 1 - Avalanche : 1.
17:46 of 1st period - Alexander Semin wins face-off versus Bryan Little in neutral zone.
17:48 of 1st period - Minor Penalty to Erik Johnson for Hooking.
17:49 of 1st period - Bryan Little wins face-off versus Patrik Berglund in Flames zone.
17:51 of 1st period - Wrist shot by Bryan Little.
17:51 of 1st period - Deflect By Mikkel Boedker.
17:51 of 1st period - Stopped by Henrik Lundqvist with a rebound.
17:53 of 1st period - Snap shot by Ilya Kovalchuk.
17:53 of 1st period - Shot Misses the Net.
17:55 of 1st period - Slapshot by Jack Johnson.
17:55 of 1st period - Stopped by Henrik Lundqvist with a rebound.
17:57 of 1st period - Slapshot by Erik Karlsson.
17:57 of 1st period - Shot Misses the Net.
17:59 of 1st period - Snap shot by Mikkel Boedker.
17:59 of 1st period - Stopped by Henrik Lundqvist with a rebound.
18:01 of 1st period - Wrist shot by Jack Johnson.
18:01 of 1st period - Shot Blocked by Christian Folin.
18:03 of 1st period - Snap shot by Ilya Kovalchuk.
18:03 of 1st period - Shot Blocked by Brendan Mikkelson.
18:05 of 1st period - Slapshot by Jack Johnson.
18:05 of 1st period - Stopped by Henrik Lundqvist without a rebound.
18:06 of 1st period - Charlie Coyle wins face-off versus Patrik Berglund in Flames zone.
19:37 of 1st period - Ilya Kovalchuk is hit by Christian Folin and loses puck.
19:48 of 1st period - Penalty to Erik Johnson is over, Erik Johnson is back on ice.
Goals for this period are 1 for Flames vs 1 for Avalanche.
Shots for this period are 4 for Flames vs 14 for Avalanche.
2nd period
0:01 of 2nd period - Bryan Little wins face-off versus Eric Staal in neutral zone.
0:07 of 2nd period - Off-side.
0:08 of 2nd period - David Backes wins face-off versus Bryan Little in neutral zone.
0:20 of 2nd period - Backhand shot by Eric Staal.
0:20 of 2nd period - Shot Blocked by Ilya Kovalchuk.
0:22 of 2nd period - Wrist shot by Alexander Semin.
0:22 of 2nd period - Shot Misses the Net.
0:24 of 2nd period - Snap shot by Alexander Semin.
0:24 of 2nd period - Shot Blocked by Mikkel Boedker.
0:26 of 2nd period - Wrist shot by Eric Staal.
0:26 of 2nd period - Deflect By Bryan Little.
0:26 of 2nd period - Shot Misses the Net.
0:26 of 2nd period - Puck is out of play.
0:27 of 2nd period - Charlie Coyle wins face-off versus Patrik Berglund in Avalanche zone.
1:03 of 2nd period - Esa Lindell is hit by Bryan Little and loses puck.
1:18 of 2nd period - Wrist shot by Colin Wilson.
1:18 of 2nd period - Deflect By Bryan Rust.
1:18 of 2nd period - Stopped by Cam Ward with a rebound.
1:24 of 2nd period - Brendan Mikkelson is hit by Colten Teubert and loses puck.
1:29 of 2nd period - Snap shot by Pavel Buchnevich.
1:29 of 2nd period - Deflect By Vincent Trocheck.
1:29 of 2nd period - Shot Blocked by Brendan Mikkelson.
1:29 of 2nd period - Puck is out of play.
1:30 of 2nd period - Patrik Berglund wins face-off versus Bryan Little in Flames zone.
1:57 of 2nd period - Wrist shot by Evgeny Dadonov.
1:57 of 2nd period - Stopped by Henrik Lundqvist with a rebound.
2:20 of 2nd period - Colby Robak is hit by Tomas Fleischmann and loses puck.
3:04 of 2nd period - Slapshot by Tanner Pearson.
3:04 of 2nd period - Stopped by Cam Ward with a rebound.
3:52 of 2nd period - Wrist shot by Bryan Rust.
3:52 of 2nd period - Stopped by Cam Ward with a rebound.
3:54 of 2nd period - Slapshot by Christian Folin.
3:54 of 2nd period - Deflect By Tomas Fleischmann.
3:54 of 2nd period - Stopped by Cam Ward with a rebound.
3:56 of 2nd period - Slapshot by Colby Robak.
3:56 of 2nd period - Stopped by Cam Ward without a rebound.
3:57 of 2nd period - Eric Staal wins face-off versus Bryan Little in Avalanche zone.
4:00 of 2nd period - Snap shot by Eric Staal.
4:00 of 2nd period - Stopped by Cam Ward with a rebound.
4:24 of 2nd period - Erik Johnson is hit by Vincent Trocheck and loses puck.
4:31 of 2nd period - Wrist shot by Tomas Fleischmann.
4:31 of 2nd period - Shot Blocked by David Backes.
5:17 of 2nd period - Snap shot by Eric Staal.
5:17 of 2nd period - Stopped by Cam Ward without a rebound.
5:18 of 2nd period - Patrik Berglund wins face-off versus Bryan Little in Avalanche zone.
5:35 of 2nd period - Wrist shot by Ilya Kovalchuk.
5:35 of 2nd period - Stopped by Henrik Lundqvist with a rebound.
6:12 of 2nd period - Wrist shot by Luke Witkowski.
6:12 of 2nd period - Stopped by Henrik Lundqvist without a rebound.
6:13 of 2nd period - Bryan Little wins face-off versus Patrik Berglund in Flames zone.
6:47 of 2nd period - Slapshot by Mattias Ekholm.
6:47 of 2nd period - Deflect By James Van Riemsdyk.
6:47 of 2nd period - Shot Blocked by Kyle Palmieri.
6:47 of 2nd period - Puck is out of play.
6:48 of 2nd period - Patrik Berglund wins face-off versus Charlie Coyle in Flames zone.
6:57 of 2nd period - Slapshot by Sami Vatanen.
6:57 of 2nd period - Stopped by Cam Ward with a rebound.
7:21 of 2nd period - Wrist shot by Bryan Little.
7:21 of 2nd period - Stopped by Henrik Lundqvist without a rebound.
7:22 of 2nd period - Patrik Berglund wins face-off versus Bryan Little in Flames zone.
7:31 of 2nd period - Snap shot by Jimmy Hayes.
7:31 of 2nd period - Shot Misses the Net.
7:33 of 2nd period - Wrist shot by Brad Marchand.
7:33 of 2nd period - Goal by Brad Marchand - Flames : 2 - Avalanche : 1.
7:34 of 2nd period - Eric Staal wins face-off versus Bryan Little in neutral zone.
7:42 of 2nd period - Snap shot by Eric Staal.
7:42 of 2nd period - Shot Blocked by Mattias Ekholm.
7:47 of 2nd period - Off-side.
7:48 of 2nd period - Charlie Coyle wins face-off versus Patrik Berglund in neutral zone.
8:30 of 2nd period - Wrist shot by David Backes.
8:30 of 2nd period - Stopped by Cam Ward without a rebound.
8:31 of 2nd period - Colin Wilson wins face-off versus Vincent Trocheck in Avalanche zone.
8:41 of 2nd period - Slapshot by Marc Staal.
8:41 of 2nd period - Stopped by Henrik Lundqvist without a rebound.
8:42 of 2nd period - Eric Staal wins face-off versus Charlie Coyle in Flames zone.
8:53 of 2nd period - Snap shot by David Backes.
8:53 of 2nd period - Stopped by Cam Ward without a rebound.
8:54 of 2nd period - Bryan Little wins face-off versus Eric Staal in Avalanche zone.
9:04 of 2nd period - Off-side.
9:05 of 2nd period - Eric Staal wins face-off versus Bryan Little in neutral zone.
9:18 of 2nd period - Slapshot by Eric Staal.
9:18 of 2nd period - Shot Blocked by Jack Johnson.
9:20 of 2nd period - Slapshot by David Backes.
9:20 of 2nd period - Shot Misses the Net.
10:19 of 2nd period - Slapshot by Martin Samuelsson.
10:19 of 2nd period - Shot Blocked by Brendan Mikkelson.
10:21 of 2nd period - Snap shot by Colten Teubert.
10:21 of 2nd period - Shot Misses the Net.
10:23 of 2nd period - Slapshot by Colten Teubert.
10:23 of 2nd period - Goal by Colten Teubert - Flames : 2 - Avalanche : 2.
10:24 of 2nd period - Alexander Semin wins face-off versus Bryan Little in neutral zone.
10:27 of 2nd period - Slapshot by Sami Vatanen.
10:27 of 2nd period - Deflect By Bryan Little.
10:27 of 2nd period - Stopped by Cam Ward with a rebound.
10:34 of 2nd period - Double Minor Penalty to Erik Johnson for High sticking.
10:35 of 2nd period - Bryan Little wins face-off versus Patrik Berglund in Flames zone.
10:36 of 2nd period - Slapshot by Mikkel Boedker.
10:36 of 2nd period - Shot Blocked by Brendan Mikkelson.
10:52 of 2nd period - Slapshot by Erik Karlsson.
10:52 of 2nd period - Shot Blocked by Brendan Mikkelson.
11:17 of 2nd period - Snap shot by Ilya Kovalchuk.
11:17 of 2nd period - Stopped by Henrik Lundqvist without a rebound.
11:18 of 2nd period - Patrik Berglund wins face-off versus Charlie Coyle in Flames zone.
11:18 of 2nd period - Patrik Berglund is hit by Evgeny Dadonov.
11:39 of 2nd period - Charlie Coyle is hit by Eric Staal and loses puck.
12:00 of 2nd period - Slapshot by Evgeny Dadonov.
12:00 of 2nd period - Shot Misses the Net.
12:02 of 2nd period - Wrist shot by Mattias Ekholm.
12:02 of 2nd period - Shot Misses the Net.
12:13 of 2nd period - Icing by Evgeny Dadonov.
12:14 of 2nd period - Eric Staal wins face-off versus Charlie Coyle in Avalanche zone.
12:51 of 2nd period - Snap shot by Evgeny Dadonov.
12:51 of 2nd period - Shot Blocked by Colby Robak.
13:41 of 2nd period - Erik Karlsson is hit by Christian Folin and loses puck.
14:05 of 2nd period - Martin Samuelsson is hit by Brad Marchand and loses puck.
14:34 of 2nd period - Penalty to Erik Johnson is over, Erik Johnson is back on ice.
15:19 of 2nd period - Bryan Rust is hit by Luke Witkowski.
15:31 of 2nd period - Mikkel Boedker is hit by Kyle Palmieri and loses puck.
16:28 of 2nd period - Luke Witkowski is hit by Jimmy Hayes and loses puck.
17:43 of 2nd period - James Van Riemsdyk is hit by Eric Staal and loses puck.
18:28 of 2nd period - Pavel Buchnevich is hit by Brad Marchand and loses puck.
18:35 of 2nd period - Brad Marchand is hit by Colten Teubert and loses puck.
18:58 of 2nd period - Icing by Ilya Kovalchuk.
18:59 of 2nd period - Bryan Little wins face-off versus Anders Lee in Avalanche zone.
18:59 of 2nd period - Bryan Little is hit by David Ullstrom.
19:19 of 2nd period - Kyle Turris is hit by Tanner Pearson and loses puck.
19:37 of 2nd period - Icing by Jack Johnson.
19:38 of 2nd period - Martin Samuelsson wins face-off versus Patrik Berglund in Avalanche zone.
19:38 of 2nd period - Martin Samuelsson is hit by Sami Vatanen.
Goals for this period are 1 for Flames vs 1 for Avalanche.
Shots for this period are 12 for Flames vs 7 for Avalanche.
3rd period
0:01 of 3rd period - Eric Staal wins face-off versus Bryan Little in neutral zone.
0:04 of 3rd period - Slapshot by Erik Johnson.
0:04 of 3rd period - Deflect By Eric Staal.
0:04 of 3rd period - Deflect By Bryan Little.
0:04 of 3rd period - Stopped by Cam Ward with a rebound.
0:06 of 3rd period - Snap shot by Alexander Semin.
0:06 of 3rd period - Shot Blocked by Marc Staal.
0:08 of 3rd period - Snap shot by David Backes.
0:08 of 3rd period - Stopped by Cam Ward without a rebound.
0:09 of 3rd period - Bryan Little wins face-off versus Eric Staal in Avalanche zone.
0:18 of 3rd period - Snap shot by Eric Staal.
0:18 of 3rd period - Shot Blocked by Ilya Kovalchuk.
0:22 of 3rd period - Snap shot by David Backes.
0:22 of 3rd period - Stopped by Cam Ward with a rebound.
0:24 of 3rd period - Backhand shot by Sami Vatanen.
0:24 of 3rd period - Stopped by Cam Ward with a rebound.
0:26 of 3rd period - Slapshot by Eric Staal.
0:26 of 3rd period - Stopped by Cam Ward without a rebound.
0:27 of 3rd period - Brad Marchand wins face-off versus Charlie Coyle in Avalanche zone.
0:30 of 3rd period - Snap shot by Brad Marchand.
0:30 of 3rd period - Shot Misses the Net.
0:55 of 3rd period - Minor Penalty to Ilya Kovalchuk for Tripping.
0:56 of 3rd period - Eric Staal wins face-off versus Charlie Coyle in Avalanche zone.
2:36 of 3rd period - Esa Lindell is hit by Jack Johnson and loses puck.
2:55 of 3rd period - Penalty to Ilya Kovalchuk is over, Ilya Kovalchuk is back on ice.
3:14 of 3rd period - Erik Karlsson is hit by Kyle Palmieri and loses puck.
4:05 of 3rd period - Anders Lee is hit by Bryan Little and loses puck.
5:06 of 3rd period - Slapshot by Mattias Ekholm.
5:06 of 3rd period - Stopped by Henrik Lundqvist with a rebound.
5:24 of 3rd period - Ilya Kovalchuk is hit by Colin Wilson and loses puck.
5:37 of 3rd period - Snap shot by Martin Samuelsson.
5:37 of 3rd period - Stopped by Henrik Lundqvist with a rebound.
5:55 of 3rd period - Minor Penalty to Kyle Turris for Hooking.
5:56 of 3rd period - Eric Staal wins face-off versus Charlie Coyle in Avalanche zone.
6:09 of 3rd period - Slapshot by David Backes.
6:09 of 3rd period - Stopped by Cam Ward with a rebound.
6:11 of 3rd period - Wrist shot by Alexander Semin.
6:11 of 3rd period - Deflect By Eric Staal.
6:11 of 3rd period - Shot Blocked by Mattias Ekholm.
6:11 of 3rd period - Puck is out of play.
6:12 of 3rd period - Luke Witkowski wins face-off versus Eric Staal in Avalanche zone.
6:12 of 3rd period - Luke Witkowski is hit by Eric Staal.
7:33 of 3rd period - Slapshot by James Van Riemsdyk.
7:33 of 3rd period - Stopped by Henrik Lundqvist with a rebound.
7:55 of 3rd period - Penalty to Kyle Turris is over, Kyle Turris is back on ice.
8:23 of 3rd period - Slapshot by Esa Lindell.
8:23 of 3rd period - Stopped by Cam Ward without a rebound.
8:24 of 3rd period - Bryan Little wins face-off versus Colin Wilson in Avalanche zone.
8:54 of 3rd period - Off-side.
8:55 of 3rd period - Eric Staal wins face-off versus Ilya Kovalchuk in neutral zone.
9:31 of 3rd period - Wrist shot by Colin Wilson.
9:31 of 3rd period - Shot Misses the Net.
9:37 of 3rd period - Brendan Mikkelson is hit by Mikkel Boedker and loses puck.
10:25 of 3rd period - Snap shot by Mikkel Boedker.
10:25 of 3rd period - Stopped by Henrik Lundqvist with a rebound.
10:57 of 3rd period - Snap shot by Ilya Kovalchuk.
10:57 of 3rd period - Shot Misses the Net.
10:59 of 3rd period - Snap shot by Marc Staal.
10:59 of 3rd period - Stopped by Henrik Lundqvist without a rebound.
11:00 of 3rd period - Charlie Coyle wins face-off versus Eric Staal in Flames zone.
11:03 of 3rd period - Wrist shot by Charlie Coyle.
11:03 of 3rd period - Shot Blocked by Sami Vatanen.
11:10 of 3rd period - Minor Penalty to Alexander Semin for Hooking.
11:11 of 3rd period - Charlie Coyle wins face-off versus Patrik Berglund in Flames zone.
11:33 of 3rd period - Slapshot by Kyle Palmieri.
11:33 of 3rd period - Stopped by Cam Ward without a rebound.
11:34 of 3rd period - Bryan Rust wins face-off versus Charlie Coyle in Avalanche zone.
13:10 of 3rd period - Penalty to Alexander Semin is over, Alexander Semin is back on ice.
13:21 of 3rd period - Vincent Trocheck is hit by Eric Staal and loses puck.
13:28 of 3rd period - Minor Penalty to Erik Karlsson for Hooking.
13:29 of 3rd period - Eric Staal wins face-off versus Charlie Coyle in Avalanche zone.
13:56 of 3rd period - Slapshot by Patrik Berglund.
13:56 of 3rd period - Stopped by Cam Ward with a rebound.
15:28 of 3rd period - Penalty to Erik Karlsson is over, Erik Karlsson is back on ice.
15:37 of 3rd period - Patrik Berglund is hit by Ilya Kovalchuk and loses puck.
16:01 of 3rd period - Wrist shot by David Ullstrom.
16:01 of 3rd period - Shot Misses the Net.
17:28 of 3rd period - Minor Penalty to Ilya Kovalchuk for Tripping.
17:29 of 3rd period - Charlie Coyle wins face-off versus Eric Staal in Avalanche zone.
17:29 of 3rd period - Charlie Coyle is hit by Eric Staal.
17:38 of 3rd period - Marc Staal is hit by Sami Vatanen and loses puck.
18:07 of 3rd period - Icing by Patrik Berglund.
18:08 of 3rd period - Charlie Coyle wins face-off versus Patrik Berglund in Flames zone.
18:15 of 3rd period - Luke Witkowski is hit by Tanner Pearson and loses puck.
19:28 of 3rd period - Penalty to Ilya Kovalchuk is over, Ilya Kovalchuk is back on ice.
19:34 of 3rd period - Marc Staal is hit by Tanner Pearson and loses puck.
19:51 of 3rd period - Colten Teubert is hit by Bryan Rust and loses puck.
Goals for this period are 0 for Flames vs 0 for Avalanche.
Shots for this period are 9 for Flames vs 5 for Avalanche.
Overtime #1
0:01 of 1st overtime period - Patrik Berglund wins face-off versus Mikkel Boedker in neutral zone.
1:00 of 1st overtime period - Snap shot by Luke Witkowski.
1:00 of 1st overtime period - Shot Blocked by Esa Lindell.
2:36 of 1st overtime period - Sami Vatanen is hit by Ilya Kovalchuk and loses puck.
3:18 of 1st overtime period - Vincent Trocheck is hit by Colin Wilson and loses puck.
3:35 of 1st overtime period - Erik Karlsson is hit by Anders Lee and loses puck.
4:35 of 1st overtime period - Icing by Joel Edmundson.
4:36 of 1st overtime period - Ilya Kovalchuk wins face-off versus Anders Lee in Avalanche zone.
4:43 of 1st overtime period - Erik Johnson is hit by Ilya Kovalchuk.
Goals for this period are 0 for Flames vs 0 for Avalanche.
Shots for this period are 0 for Flames vs 0 for Avalanche.
ShootOut
5:00 of 1st overtime period - Round #1.
5:00 of 1st overtime period - Flames, Eric Staal.
5:00 of 1st overtime period - Deke by Eric Staal.
5:00 of 1st overtime period - Stopped by Cam Ward.
5:00 of 1st overtime period - Avalanche, Mikkel Boedker.
5:00 of 1st overtime period - Snap shot by Mikkel Boedker.
5:00 of 1st overtime period - Goal by Mikkel Boedker.
5:00 of 1st overtime period - Round #2.
5:00 of 1st overtime period - Flames, Alexander Semin.
5:00 of 1st overtime period - Wrist shot by Alexander Semin.
5:00 of 1st overtime period - Shot Hit the Post.
5:00 of 1st overtime period - Avalanche, Bryan Little.
5:00 of 1st overtime period - Deke by Bryan Little.
5:00 of 1st overtime period - Shot Misses the Net.
5:00 of 1st overtime period - Round #3.
5:00 of 1st overtime period - Flames, Tanner Pearson.
5:00 of 1st overtime period - Backhand shot by Tanner Pearson.
5:00 of 1st overtime period - Shot Misses the Net.